 Dungeon Crawl Stone Soup version 0.22-a0-355-g201945f (webtiles) character file.

51 Amnesiac the Cutter (level 3, 0/19 HPs)
             Began as a Vine Stalker Fighter on Apr 17, 2018.
             Slain by an iguana (7 damage)
             ... on level 5 of the Dungeon.
             The game lasted 00:02:01 (589 turns).

Amnesiac the Cutter (Vine Stalker Fighter)           Turns: 589, Time: 00:02:03

Health: 0/19       AC:  7    Str: 19    XL:     3   Next: 81%
Magic:  0/4        EV:  7    Int:  8    God:
Gold:   42         SH:  9    Dex: 13    Spells: 2/2 levels left

rFire    . . .     SeeInvis .   a - +0 rapier
rCold    . . .     Gourm    .   c - +0 shield
rNeg     . . .     Faith    .   b - +0 scale mail
rPois    .         Spirit   +   i - +0 helmet
rElec    .         Reflect  .   (no cloak)
rCorr    .         Harm     .   (no gloves)
MR       .....                  (no boots)
Stlth    ..........             (no amulet)
HPRegen  0.06/turn              (no ring)
MPRegen  0.09/turn              (no ring)

@: no status effects
A: fangs 2, magic shield, antimagic bite, no potion heal 3, rot immunity
a: no special abilities


You were on level 5 of the Dungeon.
You were not hungry.

You visited 1 branch of the dungeon, and saw 4 of its levels.

You collected 42 gold pieces.

Inventory:

Hand Weapons
 a - a +0 rapier (weapon)
Armour
 b - a +0 scale mail (worn)
 c - a +0 shield (worn)
 i - a +0 helmet (worn)
Scrolls
 h - a scroll of remove curse {!r, unknown}
Potions
 d - a potion of might {!q}
 e - a potion of curing {!q}
 j - a potion of flight {!q, unknown}
Comestibles
 f - 3 rations


   Skills:
 - Level 2.6 Fighting
 + Level 3.6 Short Blades
 - Level 2.4 Armour
 - Level 2.6 Shields


You had 2 spell levels left.
You didn't know any spells.

Dungeon Overview and Level Annotations

Branches:
Dungeon (3/15)

Altars:


Innate Abilities, Weirdness & Mutations

You have extremely sharp teeth.
When hurt, damage is shared between your health and your magic reserves.
Your bite disrupts and absorbs the magic of your enemies.
Potions cannot restore your health.
You are immune to rotting.


Message History

You puncture the worm! You bite the worm, but do no damage.
The worm is severely wounded.
You hit the worm.
You kill the worm!
There is a shaft here.
You fall through a shaft for 2 floors!
The shaft crumbles and collapses.
An iguana and an orc come into view.
The iguana hisses angrily.
You swing at nothing.
You hit the orc.
The orc is lightly wounded.
The orc barely misses you. The orc completely misses you.
You hit the orc.
The orc is lightly wounded.
The orc hits you with a hand axe.
* * * LOW HITPOINT WARNING * * *
You hit the orc but do no damage.
The orc is lightly wounded.
The orc completely misses you.
Your shield and scale mail prevent you from hitting the orc.
The orc is lightly wounded.
The orc hits you with a hand axe.
* * * LOW HITPOINT WARNING * * *
You hit the orc. You bite the orc, but do no damage.
The orc is severely wounded.
The orc hits you but does no damage.
You barely miss the orc.
The orc is severely wounded.
You block the orc's attack.
You hit the orc.
You kill the orc!
Found a green potion.
Found a stone staircase leading down.
There is a stone staircase leading down here.
You see here a green potion {!q}.
j - a green potion {!q} The iguana bites you but does no damage.
You hear a distant blaring wail to the west.
There is a stone staircase leading down here.
You barely miss the iguana. You bite the iguana. You drain its power.
The iguana is lightly wounded.
You block the iguana's attack.
All of the chunks of flesh in your inventory have rotted away.
There is a stone staircase leading down here.
You aren't carrying any items that you can evoke.
The iguana hisses menacingly.
You hit the iguana.
The iguana is moderately wounded.
The iguana barely misses you.
You hit the iguana but do no damage.
The iguana is moderately wounded.
The iguana bites you.
* * * LOW HITPOINT WARNING * * *
There is a stone staircase leading down here.
Press: ? - help, v - describe, . - travel The floor.
There is a stone staircase leading down here.
You hit the iguana.
The iguana is moderately wounded.
You block the iguana's attack.
You hit the iguana but do no damage. You bite the iguana. You drain its power.
The iguana is moderately wounded.
The iguana bites you!
You die...

#...#####
#######........
#.....)...# #
#.#####...##
####.##.####.....#
#...............##
#.##.##.######.##
# #.######.#
#..@l.>..#
.......######+#
.#####.# #.# ..#
..# .... ..#


You could see an iguana.

Vanquished Creatures
  Robin (D:2)
  A worm (D:3)
  3 dart slugs
  A leopard gecko (D:1)
  An orc (D:5)
  A bat (D:1)
  2 giant cockroaches
  10 goblins (D:2)
  2 hobgoblins (D:2)
  A ball python (D:1)
  A frilled lizard (D:2)
  4 rats
28 creatures vanquished.

Notes
Turn   | Place    | Note
-------+----------+-------------------------------------------
     0 | D:1      | Amnesiac the Vine Stalker Fighter began the quest for the Orb.
     0 | D:1      | Reached XP level 1. HP: 11/11 MP: 2/2
    56 | D:1      | Reached skill level 2 in Short Blades
    76 | D:1      | Reached XP level 2. HP: 15/16 MP: 3/3
   363 | D:2      | Reached skill level 3 in Short Blades
   367 | D:2      | Reached XP level 3. HP: 9/19 MP: 1/4
   427 | D:2      | Noticed Robin
   441 | D:2      | Killed Robin
   489 | D:3      | You fall through a shaft for 2 floors!
   489 | D:5      | Entered Level 5 of the Dungeon
   589 | D:5      | Slain by an iguana

Vault maps used:
D:1:      dpeg_arrival_chase, minmay_misc_feat_tiny, nrook_mini_backslash,
          interstate_on_off, minmay_misc_feat_ornament, minmay_surrounded
D:2:      grunt_decor_clamped, minivault_27, uniq_robin,
          uniq_crazy_yiuf_cottage, uniq_natasha
D:5:      first_ration, uniq_edmund

Skill      XL: |  1  2 |
---------------+-------+-----
Short Blades   | 2 3 |  3.6
Fighting       | |  2.6
Armour         | |  2.4
Shields        | |  2.6

Action                   || total
-------------------------++-------
Melee: Rapier            ||    90
       Bite              ||    20
Armor: Scale mail        ||    32
Dodge: Dodged            ||    16
Block: Shield            ||    29

Table legend:
 A = Spawn XP
 B = Non-spawn XP
 C = Spawn XP percentage of total XP
 D = Spawn monster count
 E = Non-spawn monster count
 F = Spawn count percentage of total count
 G = Total turns spent on level
                    A         B        C        D         E        F      G
               +---------+---------+-------+---------+---------+-------+---------
         Total |       0 |      73 |   0.0 |       0 |      28 |   0.0 |   589
               +---------+---------+-------+---------+---------+-------+---------
           D:1 |       0 |      18 |   0.0 |       0 |       8 |   0.0 |   303
           D:2 |       0 |      47 |   0.0 |       0 |      18 |   0.0 |   173
           D:3 |       0 |       5 |   0.0 |       0 |       1 |   0.0 |    13
           D:5 |       0 |       3 |   0.0 |       0 |       1 |   0.0 |   100
               +---------+---------+-------+---------+---------+-------+---------
